 Seeded DCSS version 0.28-a0-1567-g1695149f81 (webtiles) character file.

Game seed: 1955 (custom seed)

1122 knot the Cleaver (level 8, -11/87 HPs)
             Began as a Demonspawn Berserker on Jan 19, 2022.
             Was a Priest of Trog.
             Mangled by an acid dragon (12 damage)
             ... on level 6 of the Dungeon.
             The game lasted 00:05:55 (7472 turns).

knot the Cleaver (Demonspawn Berserker)             Turns: 7472, Time: 00:05:56

Health: -11/87     AC: -1    Str: 24    XL:     8   Next: 12%
Magic:  8/8        EV: 12    Int: 10    God:    Trog [***...]
Gold:   211        SH:  5    Dex: 17    Spells: 7/7 levels left

rFire   . . .      SeeInvis +   q - +8 long sword "Med Gon" {vorpal, +Blink rN++ Will+ Stlth-}
rCold   . . .      Faith    .   (no shield)
rNeg    + + .      Spirit   .   b - +0 animal skin
rPois   .          Reflect  +   (no helmet)
rElec   .          Harm     .   (no cloak)
rCorr   .          Rampage  .   (no gloves)
Will    +....                   (no boots)
Stlth   ..........              g - amulet of reflection
HPRegen 0.24/turn               z - ring of see invisible
MPRegen 0.22/turn               E - +6 ring of strength

@: berserking, corroded, very quick
A: thin skeletal structure 2, magic regeneration, weakness stinger 2
a: Renounce Religion, Evoke Blink, Berserk, Trog's Hand


You were on level 6 of the Dungeon.
You worshipped Trog.
Trog was most pleased with you.
You visited 1 branch of the dungeon, and saw 6 of its levels.

You collected 211 gold pieces.

Inventory:

Hand Weapons
 a - a +0 hand axe
 q - the +8 long sword "Med Gon" (weapon) {vorpal, +Blink rN++ Will+ Stlth-}
   (You found it on level 3 of the Dungeon)

   It inflicts extra damage upon your enemies.
   rN:        It greatly protects you from negative energy.
   +Blink:    It lets you blink.
   Will:      It increases your willpower.
   Stlth:     It makes you less stealthy.
Missiles
 c - 214 stones
 f - 4 poisoned darts (quivered)
 p - 5 atropa-tipped darts
 w - 17 sling bullets
Armour
 b - a +0 animal skin (worn)
Jewellery
 g - an amulet of reflection (around neck)
 y - a ring of flight
 z - a ring of see invisible (left hand)
 A - an amulet of faith
 E - a +6 ring of strength (right hand)
Wands
 r - a wand of digging (8)
 t - a wand of flame (10)
 D - a wand of charming (9)
Scrolls
 d - 2 scrolls of noise {unknown}
 e - 8 scrolls of identify {unknown}
 h - 2 scrolls of enchant weapon {unknown}
 j - 6 scrolls of teleportation {unknown}
 o - a scroll of torment {unknown}
 v - a scroll of magic mapping {unknown}
 B - a scroll of silence {unknown}
 C - a scroll of enchant armour {unknown}
Potions
 i - a potion of might {unknown}
 k - 2 potions of curing
 l - a potion of flight {unknown}
 m - a potion of heal wounds
 n - a potion of berserk rage {unknown}
 s - a potion of brilliance {unknown}
 u - a potion of ambrosia {unknown}
 x - a potion of degeneration {unknown}


   Skills:
 - Level 3.0 Fighting
 + Level 8.7 Axes
 * Level 2.7 Throwing
 - Level 1.7 Armour
 - Level 1.7 Dodging


You had 7 spell levels left.
You didn't know any spells.
Your spell library contained the following spells:

 Spells                   Type           Power      Damage    Failure   Level
 Sting                    Tmut/Pois      0%         1d3       36%         1
 Corpse Rot               Necr/Air       0%         N/A       50%         2
 Ensorcelled Hibernation  Hex/Ice        0%         N/A       50%         2
 Poisonous Vapours        Pois/Air       0%         N/A       50%         2
 Spider Form              Tmut/Pois      0%         N/A       75%         3
 Summon Guardian Golem    Hex/Summ       0%         N/A       75%         3
 Anguish                  Hex/Necr       0%         N/A       98%         4
 Olgreb's Toxic Radiance  Pois           0%         N/A       98%         4
 Orb of Destruction       Conj           0%         9d5       100%        7
 Spellforged Servitor     Conj/Summ      0%         N/A       100%        7


Dungeon Overview and Level Annotations

Branches:
Dungeon (6/15)
 Temple: D:4-7

Altars:
Dithmenos
Gozag
Qazlal
Ru
Uskayaw
Vehumet


Innate Abilities, Weirdness & Mutations

You have a moderately thin skeletal structure. (Dex +4, Stealth++)
You regenerate magic rapidly.
You have a tail ending in a sharp stinger.


Message History

The ball of steam misses you.
The acid dragon moves out of view.
The white imp gestures at you.
The puff of frost reflects off an invisible shield around you!
The puff of frost hits the white imp.
The white imp resists.
The hound barely misses you.
You slash the hound!
The hound is severely wounded.
The hound bites you.
The acid dragon is engulfed in a cloud of scalding steam.
The hound misses you. The white imp gestures at you.
The puff of frost hits you! You block the white imp's attack.
The hound bites you but does no damage.
You barely miss the hound.
The hound is severely wounded.
The hound closely misses you. The white imp barely misses you.
The hound misses you.
You closely miss the hound.
The hound is severely wounded.
You block the hound's attack. The white imp hits you.
The white imp freezes you. The hound bites you.
The acid dragon spits acid at you. The splash of acid hits you!!
* * * LOW HITPOINT WARNING * * *
The acid corrodes you! The white imp misses you.
A red film seems to cover your vision as you go berserk!
You feel yourself moving faster!
You feel mighty! The hound bites you.
* * * LOW HITPOINT WARNING * * *
The acid dragon bites you!
* * * LOW HITPOINT WARNING * * *
The acid dragon misses you. The white imp hits you.
* * * LOW HITPOINT WARNING * * *
The white imp freezes you.
* * * LOW HITPOINT WARNING * * *
The hound barely misses you.
You hit the hound.
You kill the hound!
Trog accepts your kill. The acid dragon bites you!
You die...

..# #.. ..#. #. .#.
.#.# ..... #. ...
... .#... ### #..
#.###.....## #..
##.##...........
... ......#..##....
... #5D...# .....
... .# #@#...##...#
#. ... ##.D......#
#.
.......###....###.
#.
....#..##.........
#..
#.....####........
...
......#.........#.
...
...............## .
.
.................#
..............##...


You could see a steam dragon, an acid dragon and a white imp.

Vanquished Creatures
  Grinder (D:6)
  A water moccasin (D:6)
  2 black bears
  A sky beast (D:5)
  A scorpion (D:5)
  A jelly (D:5)
  3 hounds
  A centaur skeleton (D:5)
  An iguana (D:6)
  Natasha (thrice) (D:2)
  A hound zombie (D:5)
  A hound skeleton (D:4)
  7 gnolls
  7 adders
  A white imp (D:5)
  2 worms
  5 dart slugs
  3 orcs
  4 endoplasms
  3 giant cockroaches
  7 goblins
  9 hobgoblins
  6 jackals
  7 quokkas
  11 ball pythons
  8 bats
  6 frilled lizards
  11 kobolds
  5 rats
119 creatures vanquished.

Notes
Turn   | Place    | Note
-------+----------+-------------------------------------------
     0 | D:1      | knot the Demonspawn Berserker began the quest for the Orb.
     0 | D:1      | Reached XP level 1. HP: 18/18 MP: 1/1
   193 | D:1      | Reached skill level 3 in Axes
   336 | D:1      | Gained mutation: You have a somewhat thin skeletal
                  | structure. (Dex +2, Stealth+) [demonic ancestry]
   336 | D:1      | Reached XP level 2. HP: 21/24 MP: 2/2
   873 | D:1      | Found a faded altar of an unknown god.
  1608 | D:1      | Gained mutation: You have a small tail. [demonic ancestry]
  1608 | D:1      | Reached XP level 3. HP: 16/29 MP: 3/3
  2119 | D:2      | Noticed Natasha
  2131 | D:2      | Reached skill level 4 in Axes
  2133 | D:2      | Killed Natasha
  2133 | D:2      | Reached ** piety under Trog
  2469 | D:2      | Gained mutation: You have a moderately thin skeletal
                  | structure. (Dex +4, Stealth++) [demonic ancestry]
  2469 | D:2      | Reached XP level 4. HP: 34/35 MP: 4/4
  2714 | D:2      | Noticed Natasha
  2729 | D:2      | Killed Natasha
  2730 | D:2      | Reached skill level 5 in Axes
  2738 | D:2      | Noticed Natasha
  2751 | D:2      | Killed Natasha
  2752 | D:2      | Reached XP level 5. HP: 23/41 MP: 5/5
  4127 | D:3      | Identified the +8 long sword "Med Gon" {vorpal, +Blink rN++
                  | Will+ Stlth-}
  4287 | D:3      | Reached skill level 6 in Axes
  4987 | D:4      | Found a radiant altar of Vehumet.
  5013 | D:4      | Reached *** piety under Trog
  5138 | D:4      | Gained mutation: You have a tail ending in a sharp stinger.
                  | [demonic ancestry]
  5138 | D:4      | Reached XP level 6. HP: 42/47 MP: 6/6
  5809 | D:5      | Entered Level 5 of the Dungeon
  6108 | D:5      | Found a shadowy altar of Dithmenos.
  6116 | D:5      | Found a hide-covered altar of Uskayaw.
  6140 | D:5      | Noticed a sky beast
  6147 | D:5      | Killed a sky beast
  6148 | D:5      | Reached skill level 7 in Axes
  6307 | D:5      | Gained mutation: You regenerate magic rapidly. [demonic
                  | ancestry]
  6307 | D:5      | Reached XP level 7. HP: 47/52 MP: 7/7
  6569 | D:5      | Found a stormy altar of Qazlal.
  6729 | D:5      | Reached skill level 8 in Axes
  7109 | D:6      | Found a sacrificial altar of Ru.
  7191 | D:6      | Found an opulent altar of Gozag.
  7198 | D:6      | Noticed Grinder
  7231 | D:6      | Killed Grinder
  7232 | D:6      | Reached XP level 8. HP: 27/58 MP: 8/8
  7471 | D:6      | HP: 1/87 [white imp (5)]
  7472 | D:6      | Mangled by an acid dragon

Illustrated notes

Levels and vault maps discovered:
D:1:      onia_arrival_mini_maze_b, layout_basic,
          shapermc_ecumenical_altar_ellora, chequers_serial_rivers_micro_e
D:2:      layout_rooms, wander_ebering_terrifying_dragon_lair, uniq_natasha
D:3:      layout_basic, minmay_door_square
D:4:      layout_gridville, lemuel_doored_altar,
          minmay_fractal_squares_diagonal_5
D:5:      layout_basic, nicolae_overflow_hidden_temple, chequers_garden,
          sigmund_army
D:6:      layout_cave_pools, lemuel_crystal_altar, nicolae_gozag_seed_capital,
          minmay_fractal_squares_5, uniq_grinder

Skill      XL: |  1  2  3  4  5  6  7 |
---------------+----------------------+-----
Axes           | 3 4 5 6 7 8 |  8.7
Throwing       | 2 |  2.7
Fighting       | |  3.0
Armour         | |  1.7
Dodging        | |  1.7

Action                   |  1- 3 |  4- 6 |  7- 9 || total
-------------------------+-------+-------+-------++-------
Melee: Hand axe          |    95 |    87 |       ||   182
       Tailslap          |     5 |    15 |     2 ||    22
       Punch             |       |     4 |       ||     4
       Long sword        |       |    68 |    34 ||   102
Throw: Dart              |       |       |     2 ||     2
Invok: Berserk           |     3 |     7 |     2 ||    12
       Trog's Hand       |       |     1 |     2 ||     3
 Abil: Evoke Blink       |       |       |     1 ||     1
  Use: Potion            |       |       |     2 ||     2
 Stab: Sleeping          |     8 |    18 |     3 ||    29
Armor: Animal skin       |    11 |    24 |     5 ||    40
Dodge: Dodged            |    75 |    98 |    31 ||   204
Block: Other             |       |     9 |    13 ||    22
       Reflection        |       |       |     2 ||     2

Table legend: (Time is in decaauts)
 A = Elapsed time spent in this place.
 B = Non-inter-level travel time spent in this place.
 C = Inter-level travel time spent in this place.
 D = Time resting spent in this place.
 E = Time spent auto-exploring this place.
 F = Levels seen in this place.
 G = Mean time per level.
                   A        B        C        D        E       F      G
               +--------+--------+--------+--------+--------+-----+--------+
         Total |   7635 |   7434 |    201 |   2280 |   4310 |   6 | 1272.5 |
       Dungeon |   7635 |   7434 |    201 |   2280 |   4310 |   6 | 1272.5 |
               +--------+--------+--------+--------+--------+-----+--------+

Top non-repeatable levels by time:
     D:1: 2126 daAuts
     D:3: 1592 daAuts
     D:5: 1331 daAuts
     D:2: 1178 daAuts
     D:4: 1022 daAuts
     D:6: 384 daAuts
